 Dungeon Crawl Stone Soup version 0.18-a0-1643-gb89d9db (webtiles) character file.

32876 4thArraOfDagon the Bludgeoner (level 13, -17/144 HPs)
             Began as an Ogre Hunter on Mar 28, 2016.
             Was an Elder of the Shining One.
             Hit by a large rock thrown by a cyclops (23 damage)
             ... on level 1 of the Orcish Mines.
             The game lasted 00:42:37 (7204 turns).

4thArraOfDagon the Bludgeoner (Ogre Hunter)         Turns: 7204, Time: 00:42:38

Health: -17/144    AC:  6    Str: 20    XL:     13   Next: 67%
Magic:  28/28      EV:  9    Int: 19    God:    the Shining One [****..]
Gold:   1563       SH: 22    Dex: 10    Spells: 2 memorised, 8 levels left

rFire  + . .     SeeInvis .     e - +0 flail
rCold  . . .     Gourm    .     d - troll hide
rNeg   + + .     Faith    .     F - +8 shield of the Exiled Beggars {*Confuse rElec MR+++ rCorr}
rPois  .         Spirit   .     (helmet restricted)
rElec  +         Dismiss  .     a - +1 cloak
rCorr  +         Reflect  +     (gloves unavailable)
SustAt .         Harm     .     (boots unavailable)
MR     ++++.                    l - +4 amulet of reflection
Stlth  ..........               p - ring of the Princeling {rElec rF+ MP+9 Stlth-}
                                B - ring of wizardry

@: brilliant, glowing, incredibly resistant to hostile enchantments, extremely
unstealthy
A: unfitting armour, tough skin 1
a: Divine Shield, Cleansing Flame, Renounce Religion


You were on level 1 of the Orcish Mines.
You worshipped the Shining One.
The Shining One was greatly pleased with you.
You were very hungry.

You visited 3 branches of the dungeon, and saw 18 of its levels.
You also visited: Labyrinth and Bailey.

You collected 1563 gold pieces.

Inventory:

Hand Weapons
 e - a +0 flail (weapon)
 q - a +1 giant club
Missiles
 i - 10 large rocks (quivered)
Armour
 a - a +1 cloak (worn)
 d - a troll hide (worn)
 h - a +2 robe of cold resistance
 F - the +8 shield of the Exiled Beggars (worn) {*Confuse rElec MR+++ rCorr}
   (You found it on level 6 of the Dungeon)

   It insulates you from electricity.
   It affects your resistance to hostile enchantments.
   It protects you from acid and corrosion.
   It may confuse you when you take damage.
Jewellery
 j - an uncursed ring of fire
 l - a +4 amulet of reflection (around neck)
 p - the ring of the Princeling (right hand) {rElec rF+ MP+9 Stlth-}
   (You found it on level 13 of the Dungeon)

   [ring of protection from fire]

   It protects you from fire.
   It insulates you from electricity.
   It affects your magic capacity (+9).
   It makes you less stealthy.
 B - a ring of wizardry (left hand)
Wands
 k - a wand of iceblast (5/15)
 r - a wand of confusion (2/48)
 u - a wand of confusion (27/48)
 G - a wand of paralysis (7/24)
 L - a wand of random effects (14/48)
Scrolls
 b - a scroll of recharging
 v - a scroll of remove curse
 x - a scroll of enchant weapon
Potions
 c - a potion of cure mutation {unknown}
 s - 2 potions of resistance
 t - a potion of ambrosia
 D - a potion of heal wounds {unknown}
 H - a potion of magic
 K - a potion of brilliance
Miscellaneous
 n - a legendary deck of defence
Comestibles
 f - 8 bread rations
 g - 5 slices of pizza
 m - 2 meat rations
 o - 9 beef jerkies


   Skills:
 + Level 13.1 Fighting
 * Level 17.3 Maces & Flails
 - Level 4.0 Throwing
 + Level 7.5 Armour
 - Level 1.7 Dodging
 - Level 0.7 Stealth
 + Level 7.9 Shields
 + Level 9.2 Invocations


You had 8 spell levels left.
You knew the following spells:

 Your Spells              Type           Power        Failure   Level  Hunger
a - Blink                 Tloc           N/A          6%          2    ###....
b - Repel Missiles        Chrm/Air       ##....       6%          2    ###....


Dungeon Overview and Level Annotations

Branches:
Dungeon (15/15)            Temple (1/1) D:4            Lair (0/8) D:9
    Orc (2/2) D:10
    Elf: Orc:2       Vaults: D:13-14     Depths: D:15

Altars:
Fedhas
Gozag
Makhleb
Nemelex Xobeh
Okawaru
Ru
Sif Muna
Xom
Yredelemnul
Zin
The Shining One

Shops:
D:8 [

Annotations:
D:13 VATULS


Innate Abilities, Weirdness & Mutations

You are too large for most types of armour.
You have tough skin (AC +1).


Message History

You see here a large rock.
Unknown command.
Unknown command.
Drink which item? (? for menu, Esc to quit)
Okay, then.
Unknown command.
Drink which item? (? for menu, Esc to quit)
Okay, then.
Unknown command.
Drink which item? (? for menu, Esc to quit)
It was a potion of brilliance.
You feel clever all of a sudden. You block the orc's attack.
The warg completely misses you.
Drink which item? (? for menu, Esc to quit)
Okay, then.
Drink which item? (? for menu, Esc to quit)
It was a potion of magic.
Magic courses through your body. You block the warg's attack.
You block the orc's attack.
The cyclops throws a large rock.
The large rock hits you!!
You die...

.......#......#
..............##
...............#
.......C....#.#
.............##
.$............##
..(....>......$##
...((..((..(....##
.......)))@....#.##
.........ohC......#
............(....##
.....$...........##
..#........#o.#...#
.#.#.......#..$#.##
#.........$..$.###
#......$.......#
.....#.......##


You could see a stone giant, a cyclops, a warg, an orc priest and an orc.

Vanquished Creatures
  2 centaur warriors (D:14)
  A tengu warrior (D:15)
  3 deep elf knights (D:14)
  2 unseen horrors
  A wizard (D:15)
  3 orc sorcerers
  2 orc knights
  6 hill giants
  A necromancer (D:15)
  2 deep elf magi (D:14)
  12 ugly things
  3 cyclopes
  An octopode (shapeshifter) (D:15)
  2 centaur zombies (D:15)
  A spiny frog (shapeshifter) (D:13)
  A naga mage (D:15)
  A gargoyle (D:15)
  4 centaur skeletons
  3 kobold demonologists
  A tengu conjurer (D:15)
  3 trolls
  2 two-headed ogres
  A vampire (D:10)
  A shadow (D:15)
  A wyvern (D:13)
  10 yaks
  Sigmund (D:2)
  4 hippogriffs
  A steam dragon (D:14)
  11 vampire mosquitoes
  2 wargs
  10 orc warriors
  A phantom (D:5)
  2 ice beasts
  A sky beast (D:5)
  3 necrophages
  11 ogres
  8 centaurs
  A tengu (D:5)
  3 crocodiles (D:12)
  5 big kobolds
  5 giant frogs
  A wyvern skeleton (D:14)
  A water moccasin skeleton (D:8)
  4 scorpions
  A giant frog zombie (D:12)
  A howler monkey (D:9)
  5 crimson imps
  2 quasits (D:11)
  A giant frog skeleton (D:8)
  3 jellies
  Crazy Yiuf (D:2)
  8 orc priests
  6 hounds
  10 orc wizards
  5 iguanas
  Natasha (twice) (D:2)
  10 worker ants
  A hound skeleton (D:8)
  Robin (D:3)
  5 gnolls
  10 adders
  5 shadow imps
  A giant eyeball (shapeshifter) (D:15)
  4 worms
  A dart slug (D:3)
  A giant gecko (D:8)
  41 orcs
  7 giant cockroaches
  16 goblins
  3 hobgoblins
  10 jackals
  5 quokkas
  3 ball pythons
  A bat (D:2)
  A giant gecko skeleton (D:8)
  3 giant newts
  14 kobolds
  A quokka skeleton (D:6)
  A rat (D:3)
  2 fungi (D:2)
  2 toadstools (D:1)
339 creatures vanquished.

Vanquished Creatures (others)
  4 centaurs
  9 kobolds (Bailey)
  4 plants (D:12)
  2 toadstools (D:1)
19 creatures vanquished.

Grand Total: 358 creatures vanquished

Notes
Turn   | Place    | Note
--------------------------------------------------------------
     0 | D:1      | 4thArraOfDagon the Ogre Hunter began the quest for the Orb.
     0 | D:1      | Reached XP level 1. HP: 22/22 MP: 1/1
    74 | D:2      | Reached skill level 1 in Maces & Flails
   157 | D:2      | Noticed Sigmund
   162 | D:2      | Killed Sigmund
   162 | D:2      | Reached skill level 5 in Maces & Flails
   162 | D:2      | Reached XP level 2. HP: 7/33 MP: 2/2
   162 | D:2      | Reached XP level 3. HP: 8/40 MP: 3/3
   162 | D:2      | Reached XP level 4. HP: 9/49 MP: 4/4
   162 | D:2      | Reached XP level 5. HP: 10/55 MP: 5/5
   227 | D:2      | Noticed Crazy Yiuf
   233 | D:2      | Killed Crazy Yiuf
   294 | D:2      | Noticed Ijyb
   304 | D:2      | Noticed Ijyb
   304 | D:2      | Ijyb changed into Ijyb the gnoll
   305 | D:2      | Killed Ijyb the gnoll
   387 | D:3      | Found a shimmering altar of Xom.
   388 | D:3      | Noticed an angel
   392 | D:3      | Found a glowing silver altar of Zin.
   461 | D:3      | Found a sparkling altar of Nemelex Xobeh.
   551 | D:3      | Found a sparkling altar of Nemelex Xobeh.
   551 | D:3      | Noticed Robin
   617 | D:4      | Noticed an ogre
   623 | D:4      | Killed an ogre
   623 | D:4      | Reached skill level 5 in Fighting
   623 | D:4      | Reached skill level 6 in Maces & Flails
   623 | D:4      | Reached XP level 6. HP: 45/66 MP: 6/6
   677 | D:4      | Noticed an orc warrior
   693 | D:4      | Killed an orc warrior
   693 | D:4      | Reached skill level 7 in Maces & Flails
   693 | D:4      | Reached XP level 7. HP: 32/74 MP: 7/7
   794 | D:5      | Entered Level 5 of the Dungeon
   798 | D:5      | Reached skill level 8 in Maces & Flails
  1023 | D:4      | Found a staircase to the Ecumenical Temple.
  1034 | Temple   | Entered the Ecumenical Temple
  1072 | Temple   | Became a worshipper of the Shining One
  1182 | D:2      | Reached skill level 1 in Armour
  1313 | D:3      | Reached skill level 9 in Maces & Flails
  1370 | D:2      | Noticed Natasha
  1373 | D:2      | Killed Natasha
  1373 | D:2      | Reached XP level 8. HP: 64/84 MP: 8/8
  1406 | D:2      | Noticed Natasha
  1411 | D:2      | Killed Natasha
  1500 | D:3      | Killed Robin
  1866 | D:6      | Found a burning altar of Makhleb.
  1920 | D:6      | Reached skill level 10 in Maces & Flails
  2094 | D:6      | Got a twisted shield
  2103 | D:6      | Identified the +8 shield of the Exiled Beggars {*Confuse rElec MR+++ rCorr} (You found it on level 6 of the Dungeon)
  2456 | D:8      | Reached skill level 1 in Shields
  2473 | D:8      | Reached * piety under the Shining One
  2503 | D:8      | Reached XP level 9. HP: 82/96 MP: 9/9
  2565 | D:8      | Reached skill level 1 in Invocations
  2619 | D:8      | Reached skill level 11 in Maces & Flails
  2676 | D:8      | Found Qooph's Armour Emporium.
  2950 | D:9      | Found a staircase to the Lair.
  3012 | D:9      | Found an opulent altar of Gozag.
  3111 | D:10     | Entered Level 10 of the Dungeon
  3124 | D:10     | Found a staircase to the Orcish Mines.
  3150 | D:10     | You fall through a shaft!
  3154 | D:11     | LOL
  3197 | D:11     | what first
  3197 | D:11     | noise
  3197 | D:11     | or mapping
  3257 | D:11     | Noticed a white ugly thing
  3267 | D:11     | Killed a white ugly thing
  3314 | D:11     | Reached skill level 12 in Maces & Flails
  3331 | D:11     | Found a labyrinth entrance.
  3356 | D:11     | Reached ** piety under the Shining One
  3357 | Lab      | Entered a labyrinth
  3460 | Lab      | Noticed a minotaur
  3503 | Lab      | $$$
  3505 | D:11     | Reached XP level 10. HP: 96/107 MP: 12/12
  3545 | D:11     | Learned a level 2 spell: Blink
  3548 | D:11     | Learned a level 2 spell: Repel Missiles
  3784 | D:12     | Noticed a kobold demonologist
  3792 | D:12     | Noticed a kobold demonologist
  3792 | D:12     | Killed a kobold demonologist
  3797 | D:12     | Noticed a kobold demonologist
  3804 | D:11     | Killed a kobold demonologist
  3894 | D:12     | Noticed a cyclops
  3902 | D:12     | Killed a cyclops
  3939 | D:12     | Noticed a hill giant
  3980 | D:13     | Noticed an unseen horror
  3985 | D:13     | Killed an unseen horror
  3985 | D:13     | Reached skill level 10 in Fighting
  3985 | D:13     | Reached skill level 13 in Maces & Flails
  3985 | D:13     | Reached skill level 5 in Invocations
  4009 | D:13     | Noticed a hill giant
  4010 | D:13     | Noticed a spiny frog
  4022 | D:13     | Killed a spiny frog
  4028 | D:13     | Killed a hill giant
  4028 | D:13     | Reached skill level 5 in Armour
  4032 | D:13     | Reached XP level 11. HP: 47/118 MP: 11/15
  4091 | D:13     | Got a wavering glass ring
  4092 | D:13     | Identified the ring of the Princeling {rElec rF+ MP+9 Stlth-} (You found it on level 13 of the Dungeon)
  4216 | D:13     | Got a fine mace
  4217 | D:13     | Identified the cursed +1 mace "Wuc Kuuz" {drain, MR+ SInv} (You found it on level 13 of the Dungeon)
  4257 | D:13     | Reached *** piety under the Shining One
  4354 | D:13     | Reached skill level 5 in Shields
  4364 | D:14     | Found a flagged portal.
  4364 | D:14     | Noticed a deep elf knight
  4364 | D:14     | Noticed a deep elf mage
  4366 | D:14     | Noticed a deep elf knight
  4397 | D:13     | Noticed a hill giant
  4403 | D:13     | Killed a hill giant
  4450 | D:13     | Reached skill level 14 in Maces & Flails
  4594 | D:14     | Noticed a deep elf knight
  4595 | Bailey   | Entered a bailey
  4662 | Bailey   | Noticed an orc knight
  4707 | Bailey   | Killed an orc knight
  4735 | Bailey   | Found a burning altar of Makhleb.
  4825 | D:14     | Killed a deep elf knight
  4829 | D:14     | Killed a deep elf knight
  4835 | D:14     | Killed a deep elf knight
  4838 | D:14     | Killed a deep elf mage
  4971 | D:15     | Entered Level 15 of the Dungeon
  5006 | D:15     | Noticed a cyclops
  5015 | D:15     | Noticed a centaur warrior
  5045 | D:14     | Killed a centaur warrior
  5076 | D:14     | Noticed a centaur warrior
  5092 | D:14     | Killed a centaur warrior
  5092 | D:14     | Reached skill level 15 in Maces & Flails
  5092 | D:14     | Reached XP level 12. HP: 73/130 MP: 17/17
  5560 | D:15     | Reached skill level 16 in Maces & Flails
  5778 | D:15     | Noticed a tengu warrior
  5794 | D:15     | Reached XP level 13. HP: 135/141 MP: 19/19
  6050 | D:15     | Reached **** piety under the Shining One
  6292 | D:13     | Reached skill level 17 in Maces & Flails
  6804 | Orc:1    | Entered Level 1 of the Orcish Mines
  6829 | Orc:2    | Entered Level 2 of the Orcish Mines
  7166 | Orc:1    | Noticed a stone giant
  7202 | Orc:1    | HP: 4/144 [orc priest/divine providence (10)]
  7202 | Orc:1    | The Shining One protects you from harm!
  7204 | Orc:1    | Hit by a large rock thrown by a cyclops

Vault maps used:
D:1:      ldierk_water_garden, okawaru_ov_weapons_minmay
D:2:      marbit_many_paths, uniq_sigmund, uniq_natasha,
          uniq_crazy_yiuf_cottage, uniq_iyjb
D:3:      grunt_temple_overflow_order_and_chaos_1, lemuel_round_altar,
          nemelex_spade_bored_becter, uniq_robin
D:4:      old_standard_altar, minmay_temple_entry_statues_pillars
D:5:      first_bread, minivault_5
D:6:      wad_pebble_path, lightli_temple_of_fire, uniq_menkaure
D:7:      gammafunk_temple_overflow_forgotten
D:8:      serial_shops, nicolae_shop_behind_doors, grunt_ogre_cave
D:9:      lemuel_doored_altar, lair_0_dummy, minivault_20
D:10:     minmay_orc_entry_temple_small, serial_shops, nicolae_shop_statue_plus,
          uniq_maurice
D:11:     lab_entry_generic, basic_altar, minmay_liquid_box
D:12:     minmay_lizard_king, uniq_erolcha
D:13:     hangedman_vaults_entry_quadrant_bands, serial_glass, glass_columns_b,
          glass_columns_b
D:14:     enter_bailey_2, serial_glass, glass_columns_c, glass_columns_a
D:15:     grunt_enter_depths_magical_seal
Temple:   chambers_temple_10
Orc:1:    amalloy_card_club
Orc:2:    st_orc_town, serial_shops, shop
Lab:      nicolae_lab_dead_adventurers
Bailey:   bailey_axe_3, bailey

Skill      XL: |  1  2  3  4  5  6  7  8  9 10 11 12 13 |
---------------+----------------------------------------+-----
Maces & Flails | 5 6 7 9 10 12 13 15 16 17 | 17.3
Fighting       | 4 5 6 7 9 10 11 12 13 | 13.1
Armour         | 1 2 4 5 6 7 |  7.5
Shields        | 1 3 4 6 7 |  7.9
Invocations    | 3 5 6 8 9 |  9.2
Throwing       | |  4.0
Dodging        | |  1.7
Stealth        | |  0.7

Action                   |  1- 3 |  4- 6 |  7- 9 | 10-12 | 13-15 || total
-------------------------+-------+-------+-------+-------+-------++-------
Melee: Club              |    23 |    37 |       |       |       ||    60
       Short sword       |     5 |       |       |       |       ||     5
       Quarterstaff      |       |    49 |    21 |       |       ||    70
       Giant club        |       |       |   328 |    81 |       ||   409
       Flail             |       |       |       |   377 |   397 ||   774
Throw: Large rock        |     5 |     9 |    11 |    42 |    14 ||    81
       Throwing net      |     1 |     4 |     3 |    15 |     1 ||    24
 Cast: Repel Missiles    |       |       |       |     3 |       ||     3
Invok: Divine Shield     |       |       |       |    10 |     4 ||    14
Evoke: Wand              |       |     6 |       |    12 |       ||    18
  Use: Scroll            |       |       |    16 |     2 |     1 ||    19
       Potion            |       |       |     1 |     5 |     3 ||     9
 Stab: Held in net/web   |       |       |     1 |     7 |       ||     8
  Eat: Chunk             |       |       |     7 |    11 |     4 ||    22
       Royal jelly       |       |       |     1 |       |       ||     1
